 Dungeon Crawl Stone Soup version 0.18.1-48-g4cf74bf (webtiles) character file.

598 Galewin the Insei (level 7, -1/37 HPs)
             Began as a Vine Stalker Monk on July 31, 2016.
             Was a Believer of Qazlal.
             Slain by a gnoll
             ... wielding a +0 spear
              (4 damage)
             ... on level 5 of the Dungeon.
             The game lasted 00:10:47 (3187 turns).

Galewin the Insei (Vine Stalker Monk)               Turns: 3187, Time: 00:10:48

Health: -1/37      AC:  3    Str: 14    XL:     7   Next: 40%
Magic:  0/9        EV: 14    Int: 11    God:    Qazlal [**....]
Gold:   325        SH:  2    Dex: 17    Spells: 0 memorised, 6 levels left

rFire  . . .     SeeInvis .       - Unarmed
rCold  . . .     Gourm    .     a - +0 robe
rNeg   . . .     Faith    .     (no shield)
rPois  .         Spirit   +     q - +0 helmet
rElec  .         Dismiss  .     (no cloak)
rCorr  .         Reflect  .     (no gloves)
SustAt .         Harm     .     (no boots)
MR     .....                    (no amulet)
Stlth  ++........               (no ring)
                                (no ring)

@: not resistant to hostile enchantments, unstealthy
A: fangs 2, regeneration 2, magic shield, antimagic bite, no device heal 3, rot
immunity
a: Upheaval, Renounce Religion


You were on level 5 of the Dungeon.
You worshipped Qazlal.
Qazlal was pleased with you.
You were not hungry.

You visited 1 branch of the dungeon, and saw 5 of its levels.

You collected 325 gold pieces.

Inventory:

Armour
 a - a +0 robe (worn)
 q - a +0 helmet (worn)
Jewellery
 c - an uncursed amulet of regeneration {unknown}
 f - an uncursed ring of poison resistance {unknown}
 g - an uncursed amulet of harm {unknown}
Wands
 l - a wand of digging (1/24)
 p - a wand of acid (3/15)
Scrolls
 d - a scroll of immolation {unknown}
 e - 6 scrolls of identify {unknown}
 h - a scroll of magic mapping {unknown}
 m - 4 scrolls of remove curse {unknown}
 s - 2 scrolls of noise {unknown}
 v - a scroll of fear {unknown}
Potions
 j - 3 potions of degeneration {unknown}
 k - a potion of berserk rage {unknown}
 n - a potion of cure mutation {unknown}
 o - a potion of mutation {unknown}
 r - 2 potions of curing {unknown}
 t - a potion of lignification {unknown}
 u - a potion of haste {unknown}
Comestibles
 b - 4 bread rations
 i - a meat ration


   Skills:
 + Level 4.1 Fighting
 + Level 2.3 Armour
 + Level 3.4 Dodging
 - Level 2.4 Stealth
 * Level 6.0 Unarmed Combat
 * Level 2.4 Invocations


You had 6 spell levels left.
You didn't know any spells.

Dungeon Overview and Level Annotations

Branches:
Dungeon (5/15)
 Temple: D:4-7

Altars:
Gozag
Kikubaaqudgha
Makhleb
Okawaru
Pakellas
Qazlal
Sif Muna
Yredelemnul
The Shining One


Innate Abilities, Weirdness & Mutations

You have extremely sharp teeth.
You heal very quickly.
When hurt, damage is shared between your health and your magic reserves.
Your bite disrupts and absorbs the magic of your enemies.
Potions and wands cannot restore your health.
You are immune to rotting.


Message History

Press: ? - help, Dir - move target cursor, f - gnoll
Aim: a gnoll, wielding a spear The ground shakes violently, spewing rubble!
The blast of rubble hits the gnoll.
You kill the gnoll!
Qazlal accepts your kill.
A magic dart appears from out of thin air!
The magic dart hits you!
* * * LOW HITPOINT WARNING * * *
An orc wizard is nearby!
The orc wizard closely misses you.
You hit the orc wizard. Your bite misses the orc wizard.
The orc wizard is heavily wounded.
The orc wizard hits you with a dagger.
* * * LOW HITPOINT WARNING * * *
You hit the orc wizard but do no damage.
Your bite misses the orc wizard.
The orc wizard is heavily wounded.
The gnoll hits you from afar with a spear.
You die...

#.# ..# #g# #.###...
#.### #.#....# #...#
#.#.##.# ###.#
#.#.##.# #g# ##......#
#g# #.......##########
#.# #.##.##.......og.#
#.#
#.##.##..#.##@##.###.#
#.##.......##.##..g..#
#.#####..####.########
#.#####..####.#
###.............#
#...[..##########
##.####.# .....# .#
##.#.##.#


You could see an orc wizard and a gnoll.

Vanquished Creatures
  A phantom (D:4)
  An ogre (D:4)
  The ghost of Heedrag the Conjurer, an amateur DECj (D:3)
  A scorpion (D:4)
  2 crimson imps
  2 orc wizards
  A worker ant (D:4)
  5 gnolls
  3 adders
  An ooze (D:5)
  2 dart slugs
  A giant gecko (D:3)
  12 orcs
  5 giant cockroaches
  11 goblins
  5 hobgoblins
  8 jackals
  A quokka (D:3)
  A ball python (D:1)
  8 bats
  2 giant newts
  6 kobolds
  7 rats
87 creatures vanquished.

Notes
Turn   | Place    | Note
--------------------------------------------------------------
     0 | D:1      | Galewin the Vine Stalker Monk began the quest for the Orb.
     0 | D:1      | Reached XP level 1. HP: 11/11 MP: 2/2
   133 | D:1      | Reached XP level 2. HP: 13/16 MP: 3/3
   714 | D:2      | Reached XP level 3. HP: 19/19 MP: 4/4
   998 | D:2      | Found an oddly glowing altar of Pakellas.
  1211 | D:3      | Noticed Heedrag's ghost (amateur DECj)
  1213 | D:3      | Found an iron altar of Okawaru.
  1452 | D:3      | Reached XP level 4. HP: 4/24 MP: 2/5
  1623 | D:3      | Reached skill level 1 in Armour
  1693 | D:3      | Found a glowing golden altar of the Shining One.
  1750 | D:3      | Found a stormy altar of Qazlal.
  1786 | D:3      | Became a worshipper of Qazlal Stormbringer
  1786 | D:3      | Reached * piety under Qazlal
  1786 | D:3      | Reached ** piety under Qazlal
  1815 | D:3      | Found a basalt altar of Yredelemnul.
  1891 | D:3      | Found a burning altar of Makhleb.
  1898 | D:3      | Reached skill level 5 in Unarmed Combat
  1898 | D:3      | Reached XP level 5. HP: 26/28 MP: 6/6
  1948 | D:3      | Killed Heedrag's ghost
  2074 | D:3      | Found a deep blue altar of Sif Muna.
  2085 | D:3      | Gained mutation: You heal very quickly. [Vine Stalker growth]
  2085 | D:3      | Reached XP level 6. HP: 6/33 MP: 4/7
  2108 | D:3      | Found an ancient bone altar of Kikubaaqudgha.
  2255 | D:4      | Reached skill level 1 in Invocations
  2356 | D:4      | Found an opulent altar of Gozag.
  2377 | D:4      | Noticed a phantom
  2431 | D:4      | Killed a phantom
  2431 | D:4      | Reached XP level 7. HP: 13/37 MP: 4/9
  3037 | D:5      | Entered Level 5 of the Dungeon
  3105 | D:5      | Reached skill level 6 in Unarmed Combat
  3187 | D:5      | Slain by a gnoll

Skill      XL: |  1  2  3  4  5  6  7 |
---------------+----------------------+-----
Fighting       | 3 4 |  4.1
Armour         | 1 2 |  2.3
Unarmed Combat | 5 6 |  6.0
Dodging        | 3 |  3.4
Invocations    | 2 |  2.4
Stealth        | |  2.4

Action                   |  1- 3 |  4- 6 |  7- 9 || total
-------------------------+-------+-------+-------++-------
Melee: Unarmed           |   129 |   140 |    48 ||   317
       Bite              |    30 |    45 |    15 ||    90
       Punch             |     2 |     5 |     2 ||     9
Invok: Upheaval          |       |     2 |     2 ||     4
 Stab: Sleeping          |     3 |       |       ||     3
  Eat: Chunk             |       |     5 |       ||     5
       Meat ration       |       |       |     1 ||     1
Armor: Robe              |    19 |    13 |     1 ||    33
Dodge: Dodged            |    94 |    89 |    23 ||   206
Block: Other             |       |     5 |     4 ||     9
